 Dungeon Crawl Stone Soup version 0.23-a0-395-gcf17ac6 (webtiles) character file.

861 Garbasso the Jinx (level 7, -4/46 HPs)
             Began as a Vampire Enchanter on Nov 1, 2018.
             Slain by an ogre
             ... wielding a +0 giant spiked club
              (26 damage)
             ... on level 4 of the Dungeon.
             The game lasted 00:20:29 (6712 turns).

Garbasso the Jinx (Vampire Enchanter)               Turns: 6712, Time: 00:20:30

Health: -4/46      AC:  3    Str:  7    XL:     7   Next: 71%
Magic:  8/10       EV: 12    Int: 20    God:
Gold:   149        SH:  0    Dex: 14    Spells: 1/10 levels left

rFire    . . .     SeeInvis +   a - +1 dagger
rCold    + . .     Gourm    .   (no shield)
rNeg     + + .     Faith    .   k - +0 robe (curse)
rPois    +         Spirit   .   o - +0 hat
rElec    .         Reflect  .   p - +0 cloak
rCorr    .         Harm     .   (no gloves)
MR       .....                  (no boots)
Stlth    +++++.....             (no amulet)
HPRegen  0.07/turn              (no ring)
MPRegen  0.12/turn              (no ring)

@: regenerating slowly
A: fangs 3, see invisible, unbreathing
a: Bat Form


You were on level 4 of the Dungeon.
You were very thirsty.

You visited 1 branch of the dungeon, and saw 5 of its levels.

You collected 149 gold pieces.

Inventory:

Hand Weapons
 a - a +1 dagger (weapon)
 r - a +0 rapier of holy wrath
 u - the cursed +0 short sword of the Sun {flame, Int+2, unknown}
   (You found it on level 4 of the Dungeon)

   It has been specially enchanted to burn those struck by it, causing extra
   injury to most foes and up to half again as much damage against particularly
   susceptible opponents.
   It affects your intelligence (+2).
   It has a curse placed upon it.
Armour
 k - a cursed +0 robe (worn)
 o - a +0 hat (worn)
 p - a +0 cloak (worn)
Jewellery
 b - an uncursed ring of positive energy {unknown}
Scrolls
 d - 3 scrolls of remove curse {unknown}
 e - 4 scrolls of identify {unknown}
 g - 3 scrolls of teleportation {unknown}
 h - a scroll of fog {unknown}
 j - a scroll of noise {unknown}
 l - 2 scrolls of enchant armour {unknown}
 m - a scroll of amnesia {unknown}
 s - a scroll of magic mapping {unknown}
 t - a scroll of fear {unknown}
Potions
 c - a potion of brilliance
 f - 2 potions of magic {unknown}
 i - 5 potions of flight
 n - 2 potions of might {unknown}
 q - a potion of blood


   Skills:
 - Level 4.7 Short Blades
 + Level 2.1 Dodging
 + Level 8.1 Stealth
 - Level 2.0 Spellcasting
 * Level 9.9 Hexes


You had one spell level left.
You knew the following spells:

 Your Spells              Type           Power        Failure   Level  Hunger
a - Corona                Hex            #####..      1%          1    #......
b - Ensorcelled Hibernat  Hex/Ice        ###...       3%          2    ##.....
c - Confuse               Hex            #####...     1%          3    ###....
d - Tukima's Dance        Hex            #####...     1%          3    ###....

Your spell library contained the following spells:

 Spells                   Type           Power        Failure   Level  Hunger
 Dazzling Spray           Conj/Hex       ###...       6%          3    ###....


Dungeon Overview and Level Annotations

Branches:
Dungeon (5/15)
 Temple: D:4-7

Altars:
Cheibriados
Fedhas
Zin
The Shining One

Shops:
D:5 [


Innate Abilities, Weirdness & Mutations

You heal slowly.
You have razor-sharp teeth.
You have supernaturally acute eyesight. (SInv)
You can survive without breathing.


Message History

Aim: an ogre, wielding a +0 giant spiked club (chance to defeat MR: 50%)
The ogre resists with some effort.
The ogre barely misses you.
Casting: Ensorcelled Hibernation (safe; 3% risk of failure)
Confirm with . or Enter, or press ? or * to list all spells.
Aiming: Ensorcelled Hibernation (safe; 3% risk of failure)
Press: ? - help, Shift-Dir - straight line, f/p - ogre
Aim: an ogre, wielding a +0 giant spiked club (chance to defeat MR: 50%)
The ogre resists with some effort.
The ogre hits you but does no damage.
You are feeling very thirsty.
Casting: Ensorcelled Hibernation (safe; 3% risk of failure)
Confirm with . or Enter, or press ? or * to list all spells.
Aiming: Ensorcelled Hibernation (safe; 3% risk of failure)
Press: ? - help, Shift-Dir - straight line, f/p - ogre
Aim: an ogre, wielding a +0 giant spiked club (chance to defeat MR: 50%)
The ogre resists with some effort.
The ogre hits you with a +0 giant spiked club!!
Ouch! That really hurt!
You die...

##..# #.#.# ####....##.##.##
.##.# #.#.###.......##....# #.#.#
###.#.#..........(..###
..#.######........###..)......###
.##...............# #............
###...............###..........##
.##...............).....(........
..#........##..#............#....
#.#.......###..O@..##.......#####
.##......)# #.###.#####..####
########### #.# #.# ###.### #
###.#######.....#
#........##.....#
#...............#
#........##.....#
#################


You could see an ogre.

Vanquished Creatures
  Menkaure (D:4)
  2 ogres (D:4)
  A scorpion (D:4)
  3 wights (D:4)
  2 crimson imps (D:4)
  An orc priest (D:4)
  Crazy Yiuf (D:2)
  A hound (D:4)
  An orc wizard (D:4)
  4 worker ants (D:4)
  4 adders
  An ooze (D:3)
  3 worms
  3 dart slugs (D:3)
  3 leopard geckos
  10 orcs
  A ball python (D:1)
  3 giant cockroaches
  3 goblins
  6 hobgoblins
  8 jackals
  2 quokkas
  13 bats
  5 frilled lizards
  8 kobolds
  7 rats
97 creatures vanquished.

Vanquished Creatures (others)
  A dancing weapon (D:4)
1 creature vanquished.

Grand Total: 98 creatures vanquished

Notes
Turn   | Place    | Note
-------+----------+-------------------------------------------
     0 | D:1      | Garbasso the Vampire Enchanter began the quest for the Orb.
     0 | D:1      | Reached XP level 1. HP: 13/13 MP: 3/3
   160 | D:1      | Reached XP level 2. HP: 12/19 MP: 3/5
   378 | D:1      | Learned a level 2 spell: Ensorcelled Hibernation
   392 | D:1      | Reached skill level 5 in Hexes
  1153 | D:2      | Reached skill level 5 in Stealth
  1161 | D:2      | Reached XP level 3. HP: 24/24 MP: 6/6
  1166 | D:2      | Learned a level 3 spell: Confuse
  1458 | D:2      | Found a snail-covered altar of Cheibriados.
  2222 | D:2      | Found a runed door.
  2226 | D:2      | Noticed Crazy Yiuf
  2232 | D:2      | Killed Crazy Yiuf
  2232 | D:2      | Reached skill level 6 in Hexes
  2232 | D:2      | Reached XP level 4. HP: 30/30 MP: 0/7
  2354 | D:3      | Found a glowing golden altar of the Shining One.
  3437 | D:3      | Reached XP level 5. HP: 32/35 MP: 8/8
  4297 | D:4      | Noticed an ogre
  4298 | D:4      | Killed an ogre
  4298 | D:4      | Reached skill level 7 in Hexes
  4373 | D:4      | Reached XP level 6. HP: 41/41 MP: 9/9
  4378 | D:4      | Learned a level 3 spell: Tukima's Dance
  4487 | D:4      | Got a dazzling short sword
  4492 | D:4      | Reached skill level 8 in Hexes
  4699 | D:4      | Found a blossoming altar of Fedhas.
  4751 | D:4      | Reached XP level 7. HP: 29/46 MP: 2/10
  5366 | D:4      | Reached skill level 9 in Hexes
  5958 | D:4      | Found a glowing silver altar of Zin.
  6022 | D:5      | Entered Level 5 of the Dungeon
  6022 | D:5      | Found Taliv's Armour Shoppe.
  6048 | D:5      | Noticed Menkaure
  6329 | D:4      | Killed Menkaure
  6712 | D:4      | Slain by an ogre

Vault maps used:
D:1:      minmay_arrival_glassed_features
D:2:      cheibriados_altar_1, kennysheep_generic_room_11,
          uniq_crazy_yiuf_cottage
D:3:      tso_metal_star
D:4:      marbit_many_paths, zin_statuary, first_ration
D:5:      enter_ossuary_4, serial_shops, shop, nicolae_shop_crystal,
          minivault_19, uniq_sigmund, uniq_menkaure

Skill      XL: |  1  2  3  4  5  6  7 |
---------------+----------------------+-----
Hexes          | 5 6 7 8 9 |  9.9
Stealth        | 5 6 7 8 |  8.1
Short Blades   | 2 3 4 |  4.7
Dodging        | |  2.1
Spellcasting   | |  2.0

Action                   |  1- 3 |  4- 6 |  7- 9 || total
-------------------------+-------+-------+-------++-------
Melee: Dagger            |   158 |   118 |    48 ||   324
       Bite              |    10 |     7 |     4 ||    21
 Cast: Corona            |     6 |     1 |       ||     7
       Ensorcelled Hiber |    15 |    37 |    12 ||    64
       Confuse           |       |     5 |     6 ||    11
       Tukima's Dance    |       |     2 |     7 ||     9
 Abil: End Transformatio |       |     1 |     1 ||     2
       Bat Form          |       |     1 |     1 ||     2
  Use: Potion            |     1 |     9 |     4 ||    14
 Stab: Sleeping          |    20 |    26 |     7 ||    53
       Confused          |       |     2 |     3 ||     5
  Eat: Corpse            |     3 |     5 |     1 ||     9
Armor: Robe              |    54 |    20 |     7 ||    81
Dodge: Dodged            |   119 |    69 |    37 ||   225

Table legend:
 A = Non-vault XP
 B = Vault XP
 C = Vault XP percentage of total XP
 D = Non-vault monster count
 E = Vault monster count
 F = Vault count percentage of total count
                 A         B        C        D         E       F
            +---------+---------+-------+---------+---------+-------
      Total |     988 |     243 |  19.7 |      94 |       3 |   3.1
            +---------+---------+-------+---------+---------+-------
        D:1 |      37 |       0 |   0.0 |      24 |       0 |   0.0
        D:2 |      49 |      41 |  45.6 |      21 |       1 |   4.5
        D:3 |      90 |       0 |   0.0 |      30 |       0 |   0.0
        D:4 |     812 |     202 |  19.9 |      19 |       2 |   9.5
            +---------+---------+-------+---------+---------+-------
